 Seeded DCSS version 0.28.0-43-g3370ac3207 (webtiles) character file.

Game seed: 6601614366140043139 (custom seed)

385 oldmanjim the Spear-Bearer (level 6, -1/47 HPs)
             Began as a Merfolk Gladiator on Mar 28, 2022.
             Slain by a hobgoblin
             ... wielding the +10 glaive "Fuupn" {vorpal, *Rage rF++ Stlth+}
              (2 damage)
             ... on level 3 of the Dungeon.
             The game lasted 00:15:46 (3079 turns).

oldmanjim the Spear-Bearer (Merfolk Gladiator)      Turns: 3079, Time: 00:15:47

Health: -1/47      AC: 17    Str: 16    XL:     6   Next: 77%
Magic:  6/6        EV:  8    Int: 10    God:
Gold:   149        SH:  0    Dex: 16    Spells: 5/5 levels left

rFire   . . .      SeeInvis .   a - +0 trident
rCold   . . .      Faith    .   (no shield)
rNeg    . . .      Spirit   .   n - +6 chain mail of the Teacher {Int+3}
rPois   +          Reflect  .   c - +0 helmet
rElec   .          Harm     .   h - +0 cloak
rCorr   .          Rampage  .   i - +0 pair of gloves
Will    .....                   (no boots)
Stlth   ..........              (no amulet)
HPRegen 0.15/turn               e - ring of poison resistance
MPRegen 0.10/turn               (no ring)

@: no status effects
A: (nimble swimmer 2), mertail
a: no special abilities


You were on level 3 of the Dungeon.
You visited 1 branch of the dungeon, and saw 4 of its levels.

You collected 149 gold pieces.

Inventory:

Hand Weapons
 a - a +0 trident (weapon)
Missiles
 k - 44 stones (quivered)
 m - 2 throwing nets
 u - 3 boomerangs
Armour
 c - a +0 helmet (worn)
 f - a +0 ring mail
 h - a +0 cloak (worn)
 i - a +0 pair of gloves (worn)
 n - the +6 chain mail of the Teacher (worn) {Int+3}
   (You found it on level 2 of the Dungeon)

   Int:       It affects your intelligence (+3).
Jewellery
 e - a ring of poison resistance (left hand)
 s - a ring of protection from fire
Wands
 d - a wand of digging (5)
 l - a wand of charming (9)
Scrolls
 b - a scroll of identify {unknown}
 g - 2 scrolls of teleportation {unknown}
 j - a scroll of silence {unknown}
 r - a scroll of fog {unknown}
 t - a scroll of enchant weapon {unknown}
 v - a scroll of blinking {unknown}
Potions
 o - 2 potions of degeneration {unknown}
 p - a potion of lignification {unknown}
 q - a potion of resistance {unknown}


   Skills:
 + Level 3.4 Fighting
 + Level 8.3 Polearms
 - Level 2.0 Throwing
 - Level 0.1 Armour
 - Level 6.0 Dodging
 + Level 1.3 Evocations


You had 5 spell levels left.
You didn't know any spells.
Your spell library was empty.

Dungeon Overview and Level Annotations

Branches:
Dungeon (4/15)
 Temple: D:4-7

Altars:
The Shining One

Shops:
D:1 =   D:3 (


Innate Abilities, Weirdness & Mutations

((You are very nimble when in or above water. (Stealth+, EV+, Speed+++)))
Your lower body shifts to a powerful aquatic tail in water.


Message History

You completely miss the adder skeleton.
The adder skeleton is heavily damaged.
The adder skeleton barely misses you.
You hit the adder skeleton.
The adder skeleton is severely damaged.
The adder skeleton bites you but does no damage.
The endoplasm closely misses you.
You puncture the adder skeleton!
You destroy the adder skeleton!
The endoplasm barely misses you.
You puncture the endoplasm!
You kill the endoplasm!
No target in view!
No target in view!
No target in view!
A hobgoblin comes into view.
It is wielding the +10 glaive "Fuupn" {vorpal, *Rage rF++ Stlth+}.
Found a coppery potion.
The hobgoblin shouts!
You hear a bark!
You hear a shout!
A jackal comes into view. x2
You see here 19 gold pieces.
The jackal barks!
You hear a bark!
A jackal comes into view.
There is a stone staircase leading up, spattered with blood here.
The hobgoblin closely misses you.
The hobgoblin hits you but does no damage.
A goblin comes into view. It is wielding a +0 quarterstaff.
There is a stone staircase leading up, spattered with blood here.
The hobgoblin hits you with the +10 glaive "Fuupn" {vorpal, *Rage rF++ Stlth+}.
You climb upwards.
There is a stone staircase leading down here.
You barely miss the hobgoblin.
The hobgoblin hits you with the +10 glaive "Fuupn" {vorpal, *Rage rF++ Stlth+}.
You hit the hobgoblin but do no damage.
The hobgoblin hits you with the +10 glaive "Fuupn" {vorpal, *Rage rF++ Stlth+}.
The hobgoblin goes berserk!
The hobgoblin hits you from afar with the +10 glaive "Fuupn" {vorpal, *Rage rF++ Stlth+}!
* * * LOW HITPOINT WARNING * * *
The hobgoblin hits you from afar with the +10 glaive "Fuupn" {vorpal, *Rage rF++ Stlth+}!
* * * LOW HITPOINT WARNING * * *
You die...

#...##)..## #####
#.......###.
....<.....##
##.∩.#####...
...........#
##...###..<.##
...[.......#
###.....##.####
...........#
#####...###....#
..........####.....###
#....#
#...#..........#####
#(...#
#############...##
#^..##
#..#.@#######...######
##.###..g>.............
########..#
#########...######
#........## #...#
########## #####


You could see a hobgoblin (berserk).

Vanquished Creatures
  Sigmund (D:2)
  A jelly (D:4)
  2 iguanas
  An orc wizard (D:3)
  4 adders
  An adder skeleton (D:4)
  A worm (D:2)
  4 dart slugs
  3 orcs (D:3)
  6 ball pythons
  4 endoplasms
  3 giant cockroaches
  8 goblins
  4 hobgoblins
  7 jackals (D:1)
  6 kobolds
  3 quokkas
  4 bats
  2 frilled lizards
  2 rats
  A spectral hobgoblin (D:1)
68 creatures vanquished.

Notes
Turn   | Place    | Note
-------+----------+-------------------------------------------
     0 | D:1      | oldmanjim the Merfolk Gladiator began the quest for the
                  | Orb.
     0 | D:1      | Reached XP level 1. HP: 16/16 MP: 1/1
    44 | D:1      | Reached skill level 5 in Polearms
    44 | D:1      | Reached XP level 2. HP: 18/23 MP: 2/2
   626 | D:1      | Found a faded altar of an unknown god.
   635 | D:1      | Reached XP level 3. HP: 28/28 MP: 3/3
  1043 | D:1      | Found Lazebb's Jewellery Shoppe.
  1326 | D:2      | Reached skill level 6 in Polearms
  1356 | D:2      | Reached XP level 4. HP: 27/35 MP: 4/4
  1575 | D:2      | Noticed Sigmund
  1593 | D:2      | Killed Sigmund
  1594 | D:2      | Reached skill level 7 in Polearms
  1594 | D:2      | Reached skill level 5 in Dodging
  1594 | D:2      | Reached XP level 5. HP: 38/41 MP: 5/5
  1594 | D:2      | Reached XP level 6. HP: 44/47 MP: 6/6
  2012 | D:2      | Identified the +6 chain mail of the Teacher {Int+3}
  2347 | D:3      | Identified the +0 scale mail "Ahukexih" {-Tele Rampage
                  | rElec}
  2388 | D:3      | Reached skill level 8 in Polearms
  2398 | D:3      | Found Geguaf's Antique Weapon Shoppe.
  2508 | D:3      | Found a glowing golden altar of the Shining One.
  2896 | D:4      | Reached skill level 1 in Evocations
  3065 | D:4      | Identified the +10 glaive "Fuupn" {vorpal, *Rage rF++
                  | Stlth+}
  3079 | D:3      | HP: 1/47 [hobgoblin/the +10 glaive "Fuupn" {vorpal, *Rage
                  | rF++ Stlth+} (13)]
  3079 | D:3      | Slain by a hobgoblin

Illustrated notes

Levels and vault maps discovered:
D:1:      erik_arrival_cave_to_civilisation [erik_arrival_cave_to_temple],
          layout_basic, dreamdust_ecumenical_altar_drowned_temple, serial_shops,
          nicolae_shop_competitors_out_of_business, chequers_avenue
D:2:      layout_loops_corners, kennysheep_generic_room_6, uniq_sigmund
D:3:      layout_rooms, mainiacjoe_overflow_catwalk, serial_shops, shop
D:4:      corexii_shantytown, layout_basic

Skill      XL: |  1  2  3  4  5  6 |
---------------+-------------------+-----
Polearms       | 5 6 7 8 |  8.3
Fighting       | 3 |  3.4
Dodging        | 5 6 |  6.0
Evocations     | 1 |  1.3
Throwing       | |  2.0
Armour         | |  0.1

Action                   |  1- 3 |  4- 6 || total
-------------------------+-------+-------++-------
Melee: Trident           |   131 |   134 ||   265
       Punch             |       |     3 ||     3
Throw: Stone             |       |    22 ||    22
       Throwing net      |       |     4 ||     4
Armor: Leather armour    |     7 |       ||     7
       Ring mail         |    32 |    12 ||    44
       Chain mail        |       |    26 ||    26
Dodge: Dodged            |    63 |    47 ||   110
